 Dungeon Sprint DCSS version 0.26.1-2-gb8aa6d0cf2 (webtiles) character file.

Game seed: 12169436508050702401

26959 Groucho the Tortoise (level 13, -4/134 HPs)
             Began as a Minotaur Fighter on Feb 16, 2021.
             Was a High Priest of Cheibriados.
             Slain by Kirke (16 damage)
             ... in the Dungeon (Sprint IX: "|||||||||||||||||||||||||||||").
             The game lasted 00:14:30 (5351 turns).

Groucho the Tortoise (Minotaur Fighter)             Turns: 5351, Time: 00:14:31

Health: -4/134     AC:  0    Str: 32    XL:     13   Next: 1%
Magic:  22/22      EV: 13    Int: 16    God:    Cheibriados [*****.]
Gold:   1937       SH:  0    Dex: 26    Spells: 12/12 levels left

rFire    . . .     SeeInvis .   (weapon currently unavailable)
rCold    . . .     Faith    .   (shield currently unavailable)
rNeg     . . .     Spirit   .   (armour currently unavailable)
rPois    .         Reflect  .   (helmet currently unavailable)
rElec    .         Harm     .   (cloak currently unavailable)
rCorr    .         Rampage  .   (gloves currently unavailable)
Will     .....     NoTele   +   (boots currently unavailable)
Stlth    ++........             (no amulet)
HPRegen  0.32/turn              (ring currently unavailable)
MPRegen  0.18/turn              (ring currently unavailable)

@: pig-form, slowed, very slow
A: small, (retaliatory headbutt)
a: Renounce Religion, Bend Time, Temporal Distortion, Slouch, Step From Time


You were in the Dungeon.
You worshipped Cheibriados.
Cheibriados was extremely pleased with you.
You were a filthy swine.
You visited 1 branch You collected 1937 gold pieces.

Inventory:

Hand Weapons
 n - a +2 vorpal morningstar
 p - a +3 war axe of freezing (melded)
Armour
 o - a +0 cloak (melded)
 v - a +0 pair of gloves (melded)
 w - a +1 tower shield (melded)
 x - a +3 chain mail (melded)
Jewellery
 f - an uncursed ring of willpower
 q - a +2 ring of protection (melded)
 r - a +3 ring of intelligence (melded)
Scrolls
 c - a scroll of fear
 k - 5 scrolls of remove curse
 l - 2 scrolls of amnesia
 s - 4 scrolls of enchant weapon
 t - 4 scrolls of fog
Potions
 a - 2 potions of brilliance
 d - 2 potions of might
 g - a potion of haste
 h - 2 potions of magic
 i - 8 potions of curing
 u - 2 potions of resistance


   Skills:
 + Level 18.1 Fighting
 + Level 17.9 Axes
 + Level 18.1 Armour
 + Level 18.1 Shields
 + Level 14.4 Invocations


You had 12 spell levels left.
You didn't know any spells.
Your spell library was empty.

Dungeon Overview and Level Annotations

Branches:
Dungeon (1/1)

Altars:
Cheibriados
Dithmenos
Elyvilon
Fedhas
Gozag
Hepliaklqana
Kikubaaqudgha
Makhleb
Nemelex Xobeh
Okawaru
Qazlal
Ru
Sif Muna
Trog
Uskayaw
Vehumet
Wu Jian
Xom
Yredelemnul
Zin
The Shining One
Beogh
Jiyva
Lugonu

Shops:
D ([}(

Annotations:
D Kirke


Innate Abilities, Weirdness & Mutations

((You reflexively headbutt those who attack you in melee.))
((You have a pair of horns on your head.))


Message History

The sphinx hits you!! The sphinx hits you. The sphinx barely misses you.
Kirke closely misses you.
You bite Kirke!
Kirke is heavily wounded.
The sphinx casts a spell.
You feel as though you will be slow longer.
Kirke hits you!
You closely miss Kirke.
Kirke is heavily wounded.
The sphinx closely misses you. The sphinx hits you. x2
Kirke gestures wildly while chanting.
Nothing appears to happen.
You closely miss Kirke.
Kirke is heavily wounded.
The sphinx hits you!!
* * * LOW HITPOINT WARNING * * *
The sphinx barely misses you. The sphinx hits you!
* * * LOW HITPOINT WARNING * * *
Kirke hits you!
You die...

♣.▓)▓.▓(▓.▓.▓.▓.▓
♣.▓.▓.▓∩▓)▓.▓.▓.▓
♣.▓.▓.▓)▓.▓.▓.▓[▓
♣.▓.▓.▓∩▓.▓.▓.▓[▓
♣.▓)▓.▓.▓.▓.▓.▓.▓
♣h▓.▓.▓∩▓.▓(▓.▓.▓
♣h▓.▓.▓.▓)▓?▓.▓'▓
♣@▓)▓.▓∩▓.▓?▓.▓)▓
♣h▓.▓.▓.▓.▓.▓.▓.▓
♣H▓)▓.▓.▓.▓'▓.▓.▓
▓.▓.▓.▓.▓.▓.▓.▓.▓
▓)▓.▓.▓.▓.▓.▓.▓.▓
▓.▓.▓.▓.▓)▓.▓.▓.▓
▓.▓'▓.▓'▓.▓[▓.▓)▓
▓.▓.▓.▓.▓.▓[▓.▓.▓
▓.▓.▓.▓.▓.▓[▓.▓.▓
▓.▓.▓.▓.▓.▓.▓.▓.▓


You could see Kirke, a sphinx (summoned) and 2 hogs.

Vanquished Creatures
  A fire giant (D)
  Aizul (D)
  A frost giant (D)
  2 ettins (D)
  A great orb of eyes (D)
  Erolcha (D)
  A catoblepas (D)
  Erica (D)
  2 centaur warriors (D)
  7 orc high priests (D)
  Nergalle (D)
  3 unseen horrors (D)
  An ugly thing (D)
  10 orc knights (D)
  A black mamba (D)
  An elephant (D)
  Psyche (D)
  A cane toad (D)
  3 komodo dragons (D)
  A slime creature (D)
  Grum (D)
  Eustachio (D)
  6 yaks (D)
  2 hogs (D)
  A vampire mosquito (D)
  A warg (D)
  A water moccasin (D)
  2 hell hounds (D)
  10 orc warriors (D)
  A sky beast (D)
  An ice beast (D)
  An ogre (D)
  7 wolves (D)
  A centaur (D)
  8 bullfrogs (D)
  A jelly (D)
  4 orc wizards (D)
  2 orc priests (D)
  A worker ant (D)
  An adder (D)
  An ooze (D)
  10 orcs (D)
  A bat zombie (D)
  A hobgoblin (D)
  2 kobolds (D)
  A quokka zombie (D)
  2 rats (D)
112 creatures vanquished.

Notes
Turn   | Place    | Note
-------+----------+-------------------------------------------
     0 | D        | Groucho the Minotaur Fighter began the quest for the Orb.
     0 | D        | Reached XP level 1. HP: 19/19 MP: 0/0
    51 | D        | Noticed a worker ant
    51 | D        | Noticed a water moccasin
    51 | D        | Noticed an ogre
    55 | D        | Reached XP level 2. HP: 23/28 MP: 1/1
    60 | D        | Reached skill level 5 in Fighting
    60 | D        | Reached skill level 5 in Armour
    60 | D        | Reached skill level 5 in Shields
    60 | D        | Reached XP level 3. HP: 30/36 MP: 2/2
    70 | D        | Killed a water moccasin
    71 | D        | Reached XP level 4. HP: 35/47 MP: 3/3
    71 | D        | Reached XP level 5. HP: 39/52 MP: 4/4
    72 | D        | Killed an ogre
   421 | D        | Found a roughly hewn altar of Beogh.
   421 | D        | Found a snail-covered altar of Cheibriados.
   421 | D        | Found a shadowy altar of Dithmenos.
   421 | D        | Found a white marble altar of Elyvilon.
   421 | D        | Found a blossoming altar of Fedhas.
   421 | D        | Found an opulent altar of Gozag.
   422 | D        | Found a hazy altar of Hepliaklqana.
   423 | D        | Found a viscous altar of Jiyva.
   424 | D        | Found an ancient bone altar of Kikubaaqudgha.
   425 | D        | Became a worshipper of Cheibriados the Contemplative
   426 | D        | Found a corrupted altar of Lugonu.
   427 | D        | Found a burning altar of Makhleb.
   428 | D        | Found a sparkling altar of Nemelex Xobeh.
   429 | D        | Found an iron altar of Okawaru.
   430 | D        | Found a stormy altar of Qazlal.
   431 | D        | Found a sacrificial altar of Ru.
   432 | D        | Found a shimmering blue altar of Sif Muna.
   433 | D        | Found a bloodstained altar of Trog.
   434 | D        | Found a hide-covered altar of Uskayaw.
   435 | D        | Found a radiant altar of Vehumet.
   436 | D        | Found an ornate altar of the Wu Jian Council.
   437 | D        | Found a shimmering altar of Xom.
   438 | D        | Found a basalt altar of Yredelemnul.
   439 | D        | Found a glowing silver altar of Zin.
   440 | D        | Found a glowing golden altar of the Shining One.
   502 | D        | Noticed an orc warrior
   502 | D        | Noticed an orc warrior
   502 | D        | Noticed an ice beast
   502 | D        | Noticed a centaur
   506 | D        | Killed an orc warrior
   507 | D        | Reached XP level 6. HP: 62/62 MP: 4/6
   516 | D        | Killed an orc warrior
   519 | D        | Reached * piety under Cheibriados
   523 | D        | Killed an ice beast
   525 | D        | Reached ** piety under Cheibriados
   526 | D        | Reached XP level 7. HP: 60/70 MP: 6/9
   739 | D        | Noticed a yak
   739 | D        | Noticed a vampire mosquito
   743 | D        | Killed a yak
   744 | D        | Reached skill level 10 in Fighting
   744 | D        | Reached skill level 10 in Armour
   744 | D        | Reached skill level 10 in Shields
   744 | D        | Reached skill level 5 in Invocations
   748 | D        | Killed an unseen horror
   748 | D        | Reached *** piety under Cheibriados
   749 | D        | Reached skill level 10 in Axes
   749 | D        | Reached XP level 8. HP: 45/81 MP: 9/11
   753 | D        | Reached **** piety under Cheibriados
   757 | D        | Killed an unseen horror
   760 | D        | Reached XP level 9. HP: 39/90 MP: 10/13
  1194 | D        | Got the +1 plate armour of the Snake Pit {Rampage rF- Will+
                  | Str+3}
  1202 | D        | Noticed a komodo dragon
  1202 | D        | Noticed a black mamba
  1205 | D        | Noticed a catoblepas
  1206 | D        | Reached ***** piety under Cheibriados
  1208 | D        | Noticed a komodo dragon
  1211 | D        | Killed a komodo dragon
  1214 | D        | Killed a black mamba
  1217 | D        | Killed a komodo dragon
  1217 | D        | Reached ****** piety under Cheibriados
  1217 | D        | Killed a catoblepas
  1218 | D        | Reached XP level 10. HP: 69/101 MP: 13/15
  1447 | D        | Noticed a cane toad
  1455 | D        | Noticed an elephant
  1459 | D        | Killed a cane toad
  1481 | D        | Killed an elephant
  1594 | D        | Reached skill level 10 in Invocations
  1668 | D        | Noticed Psyche
  1675 | D        | Killed Psyche
  1951 | D        | Noticed Erolcha
  1962 | D        | Killed Erolcha
  1998 | D        | Noticed Eustachio
  2004 | D        | Killed Eustachio
  2028 | D        | Noticed Erica
  2033 | D        | Killed Erica
  2034 | D        | Reached XP level 11. HP: 106/111 MP: 18/18
  2258 | D        | Noticed an orc knight
  2261 | D        | Noticed an orc knight
  2263 | D        | Noticed an orc knight
  2264 | D        | Killed an orc knight
  2273 | D        | Killed an orc knight
  2274 | D        | Reached skill level 15 in Fighting
  2274 | D        | Reached skill level 15 in Armour
  2274 | D        | Reached skill level 15 in Shields
  2277 | D        | Killed an orc knight
  2608 | D        | Found Waeryu's Weapon Emporium.
  2608 | D        | Noticed an orc knight
  2608 | D        | Noticed an orc high priest
  2608 | D        | Noticed an orc high priest
  2608 | D        | Noticed an orc knight
  2608 | D        | Noticed an orc knight
  2609 | D        | Noticed an orc high priest
  2612 | D        | Killed an orc high priest
  2612 | D        | Killed an orc high priest
  2613 | D        | Reached skill level 15 in Axes
  2613 | D        | Noticed an orc high priest
  2613 | D        | Killed an orc knight
  2614 | D        | Found Harud's Antique Armour Shoppe.
  2614 | D        | Noticed an orc high priest
  2615 | D        | Killed an orc high priest
  2615 | D        | Killed an orc knight
  2615 | D        | Killed an orc knight
  2615 | D        | Noticed an orc high priest
  2618 | D        | Killed an orc high priest
  2620 | D        | Killed an orc high priest
  2622 | D        | Found Tanilutt's Gadget Emporium.
  2626 | D        | Noticed a soul eater
  2627 | D        | Killed an orc high priest
  2628 | D        | Found Weyxt's Weapon Shoppe.
  2632 | D        | Noticed an orc high priest
  2632 | D        | Noticed an orc knight
  2633 | D        | Noticed an orc knight
  2634 | D        | Noticed an orc knight
  2638 | D        | Killed an orc high priest
  2639 | D        | Reached XP level 12. HP: 58/123 MP: 12/20
  3665 | D        | Noticed a centaur warrior
  3667 | D        | Noticed an ettin
  3678 | D        | Killed a centaur warrior
  3682 | D        | Killed an ettin
  4036 | D        | Noticed an ettin
  4037 | D        | Noticed a great orb of eyes
  4038 | D        | Noticed a fire giant
  4039 | D        | Noticed a frost giant
  4041 | D        | Noticed a centaur warrior
  4042 | D        | Killed an ettin
  4042 | D        | Killed a great orb of eyes
  4046 | D        | Killed a frost giant
  4047 | D        | Killed a fire giant
  4048 | D        | Killed a centaur warrior
  4540 | D        | Noticed Nergalle
  4547 | D        | Killed Nergalle
  4569 | D        | Noticed Aizul
  4582 | D        | Killed Aizul
  4790 | D        | Noticed Grum
  4791 | D        | Noticed Kirke
  4793 | D        | Reached XP level 13. HP: 134/134 MP: 16/22
  4794 | D        | Killed Grum
  5347 | D        | Noticed a sphinx
  5351 | D        | Slain by Kirke

Illustrated notes

Levels and vault maps discovered:
D:        linesprint [early_d, line_temple, items_1, d_10, items_2, lair_1,
          lair_end, items_3, orc_1, orc_end, items_4, d_15, swamp_1, shoals_1,
          snake_1, spider_1, d_20, vaults_1, items_5, swamp_end, shoals_end,
          snake_end, spider_end, vaults_end, d_27, items_6, zot_1, zot_end,
          crypt_end, forest_end, elf_end, slime_end, tomb_end, abyss_end,
          pan_hell_end]

Skill      XL: |  1  2  3  4  5  6  7  8  9 10 11 12 |
---------------+-------------------------------------+-----
Shields        | 4 5 7 8 9 10 11 13 14 16 18 | 18.1
Fighting       | 4 5 7 8 9 10 11 13 14 16 18 | 18.1
Axes           | 3 4 6 8 9 10 11 12 14 16 17 | 17.9
Armour         | 4 5 7 8 9 10 11 13 14 16 18 | 18.1
Invocations    | 2 4 6 7 9 10 12 14 | 14.4

Action                   |  1- 3 |  4- 6 |  7- 9 | 10-12 | 13-15 || total
-------------------------+-------+-------+-------+-------+-------++-------
Melee: War axe           |    26 |    24 |    26 |   145 |     1 ||   222
       Headbutt          |     4 |     2 |    11 |    56 |     1 ||    74
       Unarmed           |       |       |       |       |    11 ||    11
Invok: Slouch            |       |       |       |    25 |     3 ||    28
Evoke: Wand              |       |       |     7 |     2 |     1 ||    10
  Use: Potion            |     2 |       |       |     7 |     2 ||    11
       Scroll            |       |       |     1 |     1 |     1 ||     3
Armor: Scale mail        |     7 |     3 |     6 |    16 |       ||    32
       Chain mail        |       |       |       |     6 |     4 ||    10
Dodge: Dodged            |     4 |     4 |     1 |    22 |    16 ||    47
Block: Kite shield       |    18 |    12 |    13 |    77 |       ||   120
       Tower shield      |       |       |       |    40 |    15 ||    55
